 Dungeon Crawl Stone Soup version 0.30.1-11-g7821555f0a (webtiles) character file.

Game seed: 12282151314193019460

229 Plommelars the Chopper (level 5, 0/47 HPs)
             Began as a Minotaur Fighter on Dec 30, 2023.
             Slain by an orc
             ... wielding a +0 trident
              (3 damage)
             ... on level 3 of the Dungeon.
             The game lasted 00:04:42 (2424 turns).

Plommelars the Chopper (Minotaur Fighter)           Turns: 2424, Time: 00:04:43

Health: 0/47       AC: 13    Str: 23    XL:     5   Next: 71%
Magic:  4/4        EV:  6    Int:  5    God:
Gold:   125        SH:  4    Dex:  9    Spells: 4/4 levels left

rFire   . . .        a - +0 war axe
rCold   + . .        c - +0 buckler
rNeg    . . .        i - +0 plate armour
rPois   .            (helmet restricted)
rElec   .            (no cloak)
rCorr   .            j - +0 pair of gloves
SInv    .            (no boots)
Will    .....        (no amulet) Stlth
                     e - ring of protection from cold
HPRegen 0.27/turn    (no ring)
MPRegen 0.09/turn

%: no passive effects
@: brilliant
A: horns 2, retaliatory headbutt
a: no special abilities


You were on level 3 of the Dungeon.
You visited 1 branch of the dungeon, and saw 3 of its levels.

You collected 125 gold pieces.

Inventory:

Hand Weapons
 a - a +0 war axe (weapon)
Armour
 b - a +0 scale mail
 c - a +0 buckler (worn)
 i - a +0 plate armour (worn)
 j - a +0 pair of gloves (worn)
 s - a +0 chain mail
Jewellery
 e - a ring of protection from cold (left hand)
Scrolls
 h - a scroll of identify {unknown}
 m - a scroll of teleportation
 n - a scroll of enchant weapon {unknown}
 q - a scroll of blinking {unknown}
 r - a scroll of silence {unknown}
 u - a scroll of enchant armour {unknown}
Potions
 d - a potion of might
 f - a potion of brilliance
 g - 4 potions of curing
 k - a potion of haste {unknown}
 o - 2 potions of cancellation {unknown}
 p - a potion of degeneration {unknown}
 t - a potion of ambrosia {unknown}
 v - a potion of mutation {unknown}


   Skills:
 + Level 4.7 Fighting
 * Level 5.0 Axes
 + Level 4.7 Armour
 + Level 4.7 Shields


You had 4 spell levels left.
You didn't know any spells.
Your spell library was empty.

Dungeon Overview and Level Annotations

Branches:
Dungeon (3/15)

Altars:


Innate Abilities, Weirdness & Mutations

You have a pair of horns on your head.
You reflexively headbutt those who attack you in melee.


Message History

The kobold throws a poisoned dart.
The poisoned dart hits you!
You are more poisoned.
You feel very sick.
The kobold throws a poisoned dart.
The poisoned dart hits you!
You are lethally poisoned!
You feel extremely sick.
The kobold throws a poisoned dart.
The poisoned dart hits you!
You are more poisoned.
* * * LOW HITPOINT WARNING * * *
You feel extremely sick.
* * * LOW HITPOINT WARNING * * *
You feel very sick.
It was a potion of brilliance.
You feel clever all of a sudden.
* * * LOW HITPOINT WARNING * * *
You feel very sick.
It was a potion of curing.
You feel better. The orc attacks as you move away!
The orc hits you but does no damage.
You barely miss the orc. Your headbutt misses the orc.
The orc barely misses you. You furiously retaliate!
You headbutt the orc. You hit the orc but do no damage.
The orc is moderately wounded.
The orc closely misses you. The orc hits you but does no damage.
You hit the orc.
The orc is almost dead.
The orc hits you with a +0 hand axe.
* * * LOW HITPOINT WARNING * * *
You hit the orc.
You kill the orc!
You slash the kobold!
You kill the kobold!
The orc hits you from afar with a +0 trident.
* * * LOW HITPOINT WARNING * * *
Your Axes skill increases to level 5!
You hit the orc.
The orc is lightly wounded.
The orc hits you with a +0 dagger.
* * * LOW HITPOINT WARNING * * *
The orc hits you from afar with a +0 trident.
You die...

#.# ..# ######
..######....#####*####**
..##.##..........,...,,*
..).K........###*#..,***
.....###.....# *..***
..#.## #.o...# *.#*
..#.# #.....####.####
....#####.##.#.o@....#
#.....#.......o###...#
#.......#.##.### *,..#
...#......##.#####...#
...#......##..#......#
...#......###....#,,,*
...............###,,,*
.†<###...##....# *,,,*
...##...#...##.# *,,,*


You could see 2 orcs.

Vanquished Creatures
  Jessica (D:2)
  Natasha (thrice) (D:2)
  An orc wizard (D:2)
  6 adders
  A worm (D:2)
  2 dart slugs
  3 orcs
  2 endoplasms (D:2)
  A goblin (D:2)
  2 hobgoblins
  4 jackals (D:1)
  6 kobolds
  A quokka (D:1)
  4 ball pythons
  6 bats
  2 frilled lizards
  5 rats
50 creatures vanquished.

Notes
Turn   | Place    | Note
-------+----------+-------------------------------------------
     0 | D:1      | Plommelars the Minotaur Fighter began the quest for the
                  | Orb.
     0 | D:1      | Reached XP level 1. HP: 19/19 MP: 0/0
   274 | D:1      | Reached XP level 2. HP: 27/27 MP: 1/1
   429 | D:1      | Reached skill level 3 in Axes
  1096 | D:2      | Reached XP level 3. HP: 33/33 MP: 2/2
  1122 | D:2      | Noticed Natasha
  1124 | D:2      | Killed Natasha
  1202 | D:2      | Reached XP level 4. HP: 40/40 MP: 3/3
  1382 | D:2      | Noticed Jessica
  1397 | D:2      | Killed Jessica
  1398 | D:2      | Reached skill level 4 in Axes
  1535 | D:2      | Found a faded altar of an unknown god.
  1594 | D:2      | Reached XP level 5. HP: 42/47 MP: 4/4
  1661 | D:2      | Noticed Natasha
  1672 | D:2      | Killed Natasha
  2056 | D:2      | Found a faded altar of an unknown god.
  2154 | D:2      | Noticed Natasha
  2161 | D:2      | Killed Natasha
  2405 | D:3      | HP: 2/47 [poisoned by a kobold]
  2424 | D:3      | Reached skill level 5 in Axes
  2424 | D:3      | Slain by an orc

Illustrated notes

Levels and vault maps discovered:
D:1:      dpeg_arrival_another_circle, layout_loops_corners
D:2:      wad_river_or_something, layout_basic,
          hellmonk_ecumenical_altar_heavens_door, uniq_jessica, uniq_natasha
D:3:      layout_rooms, minmay_checkerbox

Skill      XL: |  1  2  3  4  5 |
---------------+----------------+-----
Axes           | 3 4 5 |  5.0
Armour         | 4 |  4.7
Fighting       | 4 |  4.7
Shields        | 4 |  4.7

Action                     |  1- 3 |  4- 6 || total
---------------------------+-------+-------++-------
  Melee: War axe           |    54 |    61 ||   115
         Headbutt          |     5 |     7 ||    12
    Use: Scroll            |       |     4 ||     4
         Potion            |       |     2 ||     2
 Armour: Scale mail        |    27 |     6 ||    33
         Chain mail        |       |    31 ||    31
         Plate armour      |       |     2 ||     2
  Dodge: Dodged            |    29 |    24 ||    53
  Block: Buckler           |    17 |    13 ||    30
